 Dungeon Crawl Stone Soup version 0.23.0 (webtiles) character file.

Game seed: 264984845740032811

13681 Monsterracer the Grappler (level 11, 0/110 HPs)
             Began as a Troll Fire Elementalist on Feb 18, 2019.
             Was a Follower of Uskayaw.
             Killed by Olgreb's Toxic Radiance
             ... invoked by a naga ritualist
              (3 damage)
             ... on level 4 of the Snake Pit.
             The game lasted 00:13:58 (9787 turns).

Monsterracer the Grappler (Troll Fire Elementalist) Turns: 9787, Time: 00:13:59

Health: 0/110      AC:  9    Str: 20    XL:     11   Next: 78%
Magic:  14/14      EV: 10    Int: 11    God:    Uskayaw [*.....]
Gold:   992        SH: 15    Dex: 11    Spells: 11/12 levels left

rFire    . . .     SeeInvis .     - Unarmed
rCold    . . .     Gourm    +   B - +0 large shield
rNeg     . . .     Faith    +   a - +0 robe
rPois    .         Spirit   .   (helmet restricted)
rElec    .         Reflect  .   y - +2 cloak
rCorr    .         Harm     .   (gloves unavailable)
MR       +....                  (boots unavailable)
Stlth    +.........             b - amulet of faith
HPRegen  0.68/turn              M - ring of protection from magic
MPRegen  0.14/turn              i - +3 ring of evasion

@: lethally poisoned (0 -> -8), very slightly contaminated, hasted, very quick
A: large, unfitting armour, claws 3, fast metabolism 3, gourmand, regeneration
1, shaggy fur 1, tough skin 3
a: Stomp, Renounce Religion


You were on level 4 of the Snake Pit.
You worshipped Uskayaw.
Uskayaw was noncommittal.
You were full.

You visited 4 branches of the dungeon, and saw 16 of its levels.

You collected 1171 gold pieces.
You spent 179 gold pieces at shops.

Inventory:

Armour
 a - a +0 robe (worn)
 y - a +2 cloak (worn)
 B - a +0 large shield (worn)
Jewellery
 b - an amulet of faith (around neck)
 i - a +3 ring of evasion (right claw)
 n - an uncursed ring of fire
 q - an uncursed amulet of rage
 v - an uncursed ring of resist corrosion
 M - a ring of protection from magic (left claw)
Wands
 f - a wand of digging (5)
 o - a wand of flame (7)
 w - a wand of polymorph (14)
 z - a wand of iceblast (18)
 D - a wand of enslavement (7)
 F - a wand of disintegration (6)
Scrolls
 k - 2 scrolls of fear {!r}
 l - a scroll of enchant armour
 r - 7 scrolls of remove curse
 t - 3 scrolls of teleportation {!r}
Potions
 e - 3 potions of curing
 g - 2 potions of agility
 h - 3 potions of haste
 j - a potion of might
 p - 2 potions of degeneration {unknown}
 s - 2 potions of invisibility
 u - a potion of ambrosia {!q}
 x - 2 potions of magic
 A - a potion of resistance {unknown}
 C - 4 potions of cancellation
 E - a potion of brilliance {unknown}
Comestibles
 c - 23 rations


   Skills:
 + Level 7.7 Fighting
 - Level 1.5 Dodging
 - Level 1.0 Stealth
 + Level 6.8 Shields
 * Level 12.7 Unarmed Combat
 - Level 1.2 Spellcasting
 - Level 0.6 Conjurations
 - Level 2.1 Fire Magic
 + Level 6.0 Invocations


You had 11 spell levels left.
You knew the following spells:

 Your Spells              Type           Power        Failure   Level  Hunger
a - Flame Tongue          Conj/Fire      #....        71%         1    ##.....

Your spell library contained the following spells:

 Spells                   Type           Power        Failure   Level  Hunger
 Throw Flame              Conj/Fire      #.....       83%         2    ###....
 Corona                   Hex            #......      88%         1    ##.....
 Ensorcelled Hibernation  Hex/Ice        #.....       95%         2    ###....
 Conjure Flame            Conj/Fire      #.......     97%         3    ####...
 Inner Flame              Hex/Fire       #.......     98%         3    ####...
 Confuse                  Hex            #.......     99%         3    ####...
 Dazzling Spray           Conj/Hex       #.....       99%         3    ####...
 Tukima's Dance           Hex            #.......     99%         3    ####...
 Sticky Flame             Conj/Fire      #.......     100%        4    #####..
 Fireball                 Conj/Fire      #.........   100%        5    ######.


Dungeon Overview and Level Annotations

Branches:
Dungeon (9/15)             Temple (1/1) D:4            Lair (2/6) D:9
  Snake (4/4) Lair:2          Orc (0/2) D:9
  Swamp: Lair:2-4    Shoals: Lair:2-4

Altars:
Ashenzari
Cheibriados
Elyvilon
Fedhas
Gozag
Hepliaklqana
Kikubaaqudgha
Makhleb
Nemelex Xobeh
Okawaru
Qazlal
Ru
Sif Muna
Trog
Uskayaw
Vehumet
Wu Jian
Xom
Yredelemnul
Zin
The Shining One

Shops:
D:4 *   D:5 *   D:6 ?(


Innate Abilities, Weirdness & Mutations

You are too large for most types of armour.
You have claws for hands.
Your metabolism is lightning-fast.
You like to eat raw meat.
Your natural rate of healing is unusually fast.
You are covered in fur. (AC +1)
You have extremely tough skin. (AC +3)


Message History

You assume a fearsome visage.
The anaconda looks frightened!
The naga warrior looks frightened!
The nagaraja resists with almost no effort.
The naga looks frightened!
The nagaraja looks frightened!
The naga mage looks frightened!
The mana viper looks frightened!
The naga mage looks frightened!
The naga warrior looks frightened!
The nagaraja resists with almost no effort.
The naga looks frightened! x2; The anaconda looks frightened!
The naga sharpshooter looks frightened! x2
The naga ritualist looks frightened!
The naga looks frightened!
The anaconda resists with some effort.
The guardian serpent resists with some effort.
The naga looks frightened! x2; The guardian serpent looks frightened! x2
The naga looks frightened!
The naga ritualist looks frightened!
The naga warrior looks frightened!
The naga mage looks frightened!
The guardian serpent looks frightened! x2; The naga easily resists.
The guardian serpent looks frightened! x2; The naga looks frightened!
The nagaraja resists with almost no effort. x2
The naga looks frightened!
The guardian serpent looks frightened!
The naga looks frightened!
The naga sharpshooter resists with some effort.
The anaconda looks frightened!
You feel sick.
* * * LOW HITPOINT WARNING * * *
You are more poisoned.
The naga mage points at you and mumbles some strange words.
You resist with almost no effort.
* * * LOW HITPOINT WARNING * * *
The naga mage constricts you.
The naga mage gestures at you while chanting.
You resist with almost no effort.
The nagaraja gestures wildly while chanting.
The nagaraja seems to speed up.
The nagaraja casts a spell at you. You resist with some effort.
Unknown command.
You take 7 damage, and have 9/110 hp.
Unknown command.
You escape the naga mage's grasp.
* * * LOW HITPOINT WARNING * * *
You feel sick.
Cornered, the naga mage turns to fight!
The naga mage casts a spell at you. You resist with almost no effort.
The naga howls in fear.
Cornered, the naga mage turns to fight!
The naga mage points at you and mumbles some strange words.
You resist with almost no effort.
Unknown command.
You take 1 damage, and have 8/110 hp.
You feel better.
* * * LOW HITPOINT WARNING * * *
You are poisoned.
The naga mage hits you from afar with a +0 spear.
* * * LOW HITPOINT WARNING * * *
The naga mage casts a spell at you. You resist with almost no effort.
Cornered, the naga mage turns to fight!
You take 1 damage, and have 7/110 hp.
You feel sick.
* * * LOW HITPOINT WARNING * * *
You are more poisoned.
The nagaraja spits poison at you.
The splash of poison hits you but does no damage.
You are lethally poisoned!
Found a serpentine rune of Zot.
Unknown command.
You take 2 damage, and have 5/110 hp.
You feel much better.
You feel sick. You block the anaconda's attack. x2
The guardian serpent hits you!
* * * LOW HITPOINT WARNING * * *
The naga mage barely misses you.
You regained 8 hp, and now have 13/110 hp.
Unknown command.
Unknown command.
* * * LOW HITPOINT WARNING * * *
You are more poisoned.
The nagaraja mumbles some strange words.
The nagaraja seems to speed up.
You block the nagaraja's attack.
The naga warrior starts to cry.
Unknown command.
You take 2 damage, and have 11/110 hp.
You feel sick.
* * * LOW HITPOINT WARNING * * *
You are lethally poisoned!
You block the anaconda's attack. The anaconda barely misses you.
You take 5 damage, and have 6/110 hp.
Unknown command.
* * * LOW HITPOINT WARNING * * *
You feel sick.
You take 1 damage, and have 5/110 hp.
Unknown command.
* * * LOW HITPOINT WARNING * * *
You feel sick.
The naga warrior seems to regain its courage.
* * * LOW HITPOINT WARNING * * *
You are more poisoned.
You take 1 damage, and have 4/110 hp.
A naga comes into view. It is wielding a +0 scimitar.
* * * LOW HITPOINT WARNING * * *
You feel sick.
The naga shouts!
You die...

####### ###..@..### ***
##N........#* **,*****
#N..S###....#***,,,,,,*
##...##.##N..#*,,,,,,,,,
#.NN##...##...#,,,,,,,,,
##..NSN........#*,,,,,,,,
*
#N....8...8N....*,,,,,,,,
**
#..⌠........N⌠..*,,,,,,,,
,**
#.....8...8.....#,,,,,,,,


You could see a naga warrior (fleeing), a nagaraja, an anaconda, a naga
ritualist (fleeing), 2 naga magi and 2 nagas.

Vanquished Creatures
  A two-headed ogre (D:8)
  4 elephants
  Joseph (D:8)
  4 spiny frogs
  A rime drake (Lair:2)
  3 blink frogs (Lair:2)
  A hippogriff (Lair:2)
  Sigmund (D:4)
  A spriggan (D:7)
  2 wyverns
  6 yaks (Lair:2)
  Grum (D:8)
  2 basilisks (D:9)
  2 hungry ghosts (D:9)
  7 nagas
  2 porcupines (Lair:2)
  A swamp drake (D:9)
  Purgy (D:3)
  5 sky beasts
  An orc warrior (D:5)
  2 phantoms (D:9)
  An ice beast (D:8)
  7 ogres
  A centaur (D:5)
  14 wolves
  4 crocodiles
  2 big kobolds
  9 bullfrogs
  A gnoll sergeant (D:7)
  3 scorpions
  6 killer bees (D:8)
  5 wights
  3 howler monkeys
  2 crimson imps
  4 hounds
  3 centaur skeletons
  5 orc priests
  Crazy Yiuf (D:3)
  5 jellies
  12 orc wizards
  2 bullfrog skeletons
  6 iguanas
  4 worker ants
  A hound zombie (D:5)
  A hound skeleton (D:5)
  A worker ant zombie (D:6)
  7 adders
  3 gnolls (D:7)
  A shadow imp (D:6)
  An adder zombie (D:2)
  2 worms
  5 dart slugs
  8 leopard geckos
  38 orcs
  7 bats
  12 giant cockroaches
  6 goblins
  5 hobgoblins
  16 jackals
  18 kobolds
  8 quokkas
  A ball python (D:3)
  2 frilled lizards (D:1)
  A giant cockroach zombie (D:5)
  A jackal skeleton (D:5)
  2 quokka skeletons
  11 rats
307 creatures vanquished.

Vanquished Creatures (others)
  A fungus (Lair:2)
1 creature vanquished.

Grand Total: 308 creatures vanquished

Notes
Turn   | Place    | Note
-------+----------+-------------------------------------------
     0 | D:1      | Monsterracer the Troll Fire Elementalist began the quest
                  | for the Orb.
     0 | D:1      | Reached XP level 1. HP: 16/16 MP: 1/1
    63 | D:1      | Reached skill level 1 in Unarmed Combat
    83 | D:1      | Reached XP level 2. HP: 21/26 MP: 2/2
   348 | D:1      | Reached skill level 1 in Fighting
   348 | D:1      | Reached skill level 2 in Unarmed Combat
   542 | D:1      | Reached XP level 3. HP: 33/33 MP: 3/3
  1124 | D:2      | Reached skill level 3 in Unarmed Combat
  1125 | D:2      | Reached XP level 4. HP: 41/41 MP: 4/4
  1621 | D:3      | Reached XP level 5. HP: 49/49 MP: 5/5
  1793 | D:3      | Noticed Purgy
  1806 | D:3      | Killed Purgy
  1806 | D:3      | Reached skill level 4 in Unarmed Combat
  2074 | D:3      | Found a runed translucent door.
  2075 | D:3      | Noticed Crazy Yiuf
  2242 | D:3      | Killed Crazy Yiuf
  2242 | D:3      | Reached XP level 6. HP: 59/59 MP: 6/6
  2374 | D:4      | Noticed Sigmund
  2387 | D:4      | Killed Sigmund
  2387 | D:4      | Reached skill level 5 in Unarmed Combat
  2504 | D:4      | Reached XP level 7. HP: 67/67 MP: 7/7
  2517 | D:4      | Reached skill level 6 in Unarmed Combat
  2683 | D:4      | Found a staircase to the Ecumenical Temple.
  2686 | D:4      | Reached skill level 1 in Shields
  2694 | Temple   | Entered the Ecumenical Temple
  2943 | D:4      | Found Ypoa's Assorted Antiques.
  2945 | D:4      | Found a sparkling altar of Nemelex Xobeh.
  2951 | D:4      | Bought an emerald potion for 20 gold pieces
  2951 | D:4      | Bought a scroll labeled JALURO DUSEATO for 23 gold pieces
  2952 | D:4      | Found a white marble altar of Elyvilon.
  2953 | D:4      | Found a radiant altar of Vehumet.
  2992 | D:4      | Found an ancient bone altar of Kikubaaqudgha.
  3377 | D:5      | Entered Level 5 of the Dungeon
  3586 | D:5      | Reached skill level 7 in Unarmed Combat
  3608 | D:5      | Reached XP level 8. HP: 44/78 MP: 8/8
  3920 | D:5      | HP: 38/78 [hound (4)]
  3928 | D:5      | HP: 37/78 [iguana (5)]
  4055 | D:5      | Found a blossoming altar of Fedhas.
  4087 | D:5      | Reached skill level 8 in Unarmed Combat
  4152 | D:5      | Found Woppaapp's Whimsical Warehouse.
  4534 | D:6      | Found Perchec's Weapon Emporium.
  4600 | D:6      | Found a shimmering altar of Xom.
  4614 | D:6      | Reached skill level 5 in Fighting
  4614 | D:6      | Reached XP level 9. HP: 71/88 MP: 9/9
  4795 | D:6      | Found Aloimp's Magic Scroll Emporium.
  4802 | D:6      | Bought a scroll of blinking for 97 gold pieces
  4802 | D:6      | Bought a scroll of teleportation for 39 gold pieces
  4929 | D:6      | Reached skill level 9 in Unarmed Combat
  4988 | D:6      | Found a hide-covered altar of Uskayaw.
  4995 | D:6      | Found a shattered altar of Ashenzari.
  5009 | D:6      | Became a worshipper of Uskayaw the Reveler
  5187 | D:7      | Reached * piety under Uskayaw
  5192 | D:7      | Reached ** piety under Uskayaw
  5193 | D:7      | HP: 43/88 [wight/+0 scimitar (2)]
  5196 | D:6      | HP: 21/88 [wight/+0 long sword (5)]
  5203 | D:6      | HP: 24/88 [wight/+0 scimitar (2)]
  5213 | D:6      | HP: 20/88 [wight/+3 flail of freezing (2)]
  5213 | D:6      | Reached *** piety under Uskayaw
  5367 | D:7      | Reached skill level 1 in Invocations
  5372 | D:7      | Reached **** piety under Uskayaw
  5375 | D:7      | Reached ***** piety under Uskayaw
  5389 | D:7      | Reached ****** piety under Uskayaw
  5457 | D:7      | Identified a scroll of acquirement
  5561 | D:7      | Found a deep blue altar of Sif Muna.
  5578 | D:7      | Found an ornate altar of the Wu Jian Council.
  5858 | D:7      | Found a sacrificial altar of Ru.
  6560 | D:8      | Reached skill level 10 in Unarmed Combat
  6607 | D:8      | Noticed Joseph
  6618 | D:8      | Killed Joseph
  6681 | D:8      | Noticed a two-headed ogre
  6687 | D:8      | Killed a two-headed ogre
  6687 | D:8      | Reached XP level 10. HP: 61/98 MP: 11/11
  6832 | D:8      | Noticed Grum
  6841 | D:8      | Reached skill level 5 in Shields
  6930 | D:8      | Killed Grum
  7003 | D:8      | Found a hazy altar of Hepliaklqana.
  7380 | D:9      | Found a staircase to the Orcish Mines.
  7584 | D:9      | Reached skill level 11 in Unarmed Combat
  8011 | D:9      | Found a staircase to the Lair.
  8015 | D:9      | HP: 47/100 [acid (7)]
  8018 | D:9      | HP: 22/100 [basilisk (3)]
  8153 | Lair:1   | Entered Level 1 of the Lair of Beasts
  8153 | Lair:1   | Noticed a five-headed hydra
  8154 | Lair:1   | Noticed a spiny frog
  8164 | Lair:1   | Killed a spiny frog
  8200 | Lair:1   | HP: 50/100 [wolf (4)]
  8329 | Lair:2   | Noticed an elephant
  8330 | Lair:2   | Noticed an elephant
  8330 | Lair:2   | Noticed an elephant
  8330 | Lair:2   | Noticed an elephant
  8347 | Lair:2   | Reached XP level 11. HP: 56/107 MP: 13/13
  8360 | Lair:2   | Reached skill level 5 in Invocations
  8366 | Lair:2   | HP: 49/109 [wolf (12)]
  8369 | Lair:2   | Reached skill level 12 in Unarmed Combat
  8375 | Lair:2   | HP: 42/109 [wolf (5)]
  8380 | Lair:2   | HP: 20/109 [wolf (4)]
  8397 | Lair:2   | HP: 12/109 [elephant (20)]
  8407 | Lair:1   | HP: 13/109 [elephant (6)]
  8674 | Lair:2   | HP: 51/109 [yak (8)]
  8679 | Lair:2   | HP: 40/109 [poisoned by a spiny frog]
  8684 | Lair:2   | HP: 42/109 [poisoned by a spiny frog]
  8691 | Lair:2   | HP: 45/109 [poisoned by a spiny frog]
  8699 | Lair:2   | HP: 48/109 [poisoned by a spiny frog]
  9076 | Lair:2   | HP: 51/109 [blink frog (11)]
  9086 | Lair:2   | HP: 48/109 [blink frog (9)]
  9248 | Lair:2   | Found a staircase to the Snake Pit.
  9272 | Lair:2   | HP: 54/109 [naga/+0 long sword (9)]
  9372 | Snake:1  | Entered Level 1 of the Snake Pit
  9372 | Snake:1  | Noticed a naga sharpshooter
  9373 | Snake:1  | Noticed an anaconda
  9376 | Snake:2  | Noticed a salamander mystic
  9380 | Snake:2  | Noticed a shock serpent
  9451 | Snake:2  | Noticed a naga sharpshooter
  9462 | Snake:2  | HP: 51/110 [naga sharpshooter/bolt (11)]
  9463 | Snake:2  | Noticed a naga warrior
  9467 | Snake:2  | HP: 40/110 [naga warrior/splash of poison (12)]
  9472 | Snake:2  | HP: 31/110 [poisoned by a naga sharpshooter (splash of
                  | poison)]
  9477 | Snake:2  | HP: 31/110 [poisoned by a naga sharpshooter (splash of
                  | poison)]
  9482 | Snake:2  | HP: 31/110 [poisoned by a naga sharpshooter (splash of
                  | poison)]
  9487 | Snake:2  | HP: 33/110 [poisoned by a naga sharpshooter (splash of
                  | poison)]
  9494 | Snake:2  | HP: 35/110 [poisoned by a naga sharpshooter (splash of
                  | poison)]
  9502 | Snake:2  | HP: 39/110 [poisoned by a naga sharpshooter (splash of
                  | poison)]
  9610 | Snake:3  | Noticed a nagaraja
  9623 | Snake:4  | Entered Level 4 of the Snake Pit
  9623 | Snake:4  | Noticed a nagaraja
  9750 | Snake:4  | Noticed an anaconda
  9750 | Snake:4  | Noticed a naga warrior
  9750 | Snake:4  | Noticed an anaconda
  9753 | Snake:4  | Noticed a naga warrior
  9755 | Snake:4  | Noticed a naga sharpshooter
  9758 | Snake:4  | Noticed a shock serpent
  9771 | Snake:4  | Noticed a naga sharpshooter
  9771 | Snake:4  | Noticed an anaconda
  9771 | Snake:4  | Noticed an anaconda
  9771 | Snake:4  | Noticed a mana viper
  9772 | Snake:4  | Noticed a naga ritualist
  9772 | Snake:4  | Noticed a nagaraja
  9773 | Snake:4  | Noticed a naga warrior
  9773 | Snake:4  | Noticed a nagaraja
  9773 | Snake:4  | Noticed an anaconda
  9773 | Snake:4  | Noticed a naga sharpshooter
  9773 | Snake:4  | Noticed a naga sharpshooter
  9773 | Snake:4  | Noticed a naga ritualist
  9773 | Snake:4  | Noticed an anaconda
  9773 | Snake:4  | Noticed a naga ritualist
  9773 | Snake:4  | Noticed a naga warrior
  9773 | Snake:4  | Noticed a nagaraja
  9773 | Snake:4  | Noticed a nagaraja
  9773 | Snake:4  | Noticed a mana viper
  9775 | Snake:4  | Noticed a naga warrior
  9775 | Snake:4  | Noticed a nagaraja
  9775 | Snake:4  | Noticed a nagaraja
  9776 | Snake:4  | HP: 52/110 [naga mage/splash of poison (6)]
  9777 | Snake:4  | Noticed an anaconda
  9777 | Snake:4  | HP: 16/110 [naga warrior/splash of poison (16)]
  9780 | Snake:4  | HP: 7/110 [naga mage/+0 spear (5)]
  9785 | Snake:4  | HP: 5/110 [poisoned by a naga ritualist (toxic radiance)]
  9787 | Snake:4  | Killed from afar by a naga ritualist

Skill      XL: |  1  2  3  4  5  6  7  8  9 10 11 |
---------------+----------------------------------+-----
Unarmed Combat | 1 2 3 4 5 7 8 10 11 12 | 12.7
Fighting       | 1 2 3 4 5 6 7 |  7.7
Shields        | 2 3 4 5 6 |  6.8
Invocations    | 3 4 6 |  6.0
Dodging        | |  1.5
Stealth        | |  1.0
Spellcasting   | |  1.2
Conjurations   | |  0.6
Fire Magic     | |  2.1

Action                   |  1- 3 |  4- 6 |  7- 9 | 10-12 || total
-------------------------+-------+-------+-------+-------++-------
Melee: Unarmed           |   134 |   118 |   390 |   369 ||  1011
       Punch             |       |     1 |       |       ||     1
Invok: Stomp             |       |       |     3 |     4 ||     7
       Line Pass         |       |       |       |     1 ||     1
Evoke: Wand              |       |       |       |     1 ||     1
  Use: Scroll            |       |       |    20 |    11 ||    31
       Potion            |       |       |       |     3 ||     3
 Stab: Sleeping          |     2 |     9 |     7 |     1 ||    19
       Paralysed         |       |       |     9 |    21 ||    30
       Confused          |       |       |       |     2 ||     2
  Eat: Chunk             |    16 |    13 |    37 |    41 ||   107
Armor: Robe              |    44 |    52 |   105 |    71 ||   272
Dodge: Dodged            |    80 |    72 |    70 |   102 ||   324
Block: Large shield      |       |       |   215 |   292 ||   507

Levels and vault maps discovered:
D:1:      onia_arrival_larder, layout_loops_corners
D:2:      layout_rooms
D:3:      layout_loops_ring, hangedman_decor_riveting, uniq_crazy_yiuf_cottage,
          uniq_purgy
D:4:      layout_basic, kennysheep_mini_moat, nicolae_overflow_hidden_temple,
          minmay_temple_entry_grid, serial_shops, nicolae_shop_stone,
          first_ration, uniq_sigmund
D:5:      layout_basic, fedhas_altar_1, minmay_misc_feat_room,
          nicolae_alphabet_shops, guppyfry_early_orc_mine
D:6:      layout_rooms, kennysheep_little_box, minitemple, serial_shops, shop,
          nicolae_shop_trees
D:7:      layout_basic, nicolae_overflow_crystal_walls, lemuel_doored_altar,
          nicolae_ru_the_path_less_chosen, the_bakery
D:8:      layout_cave_pods, lemuel_round_altar, uniq_joseph, uniq_grum
D:9:      layout_irregular_city, grunt_dithmenos_smoke, erik_lair_dragon,
          orc_0_dummy, nicolae_straight_to_the_point
Temple:   chequers_temple_sunken
Lair:1:   layout_long_grid, grunt_forest_large_clearing_hut, grunt_megastairs_4
Lair:2:   layout_gridlike, minmay_snake_entry_guardpost_large,
          lemuel_oklob_altar
Snake:1:  layout_rooms, special_room
Snake:2:  layout_basic, basic_altar, serial_shops, shop,
          nicolae_snake_round_shape_thing
Snake:3:  layout_layer_cave
Snake:4:  grunt_snake_rune_serpentine_throne, layout_cave_pods, serial_shops,
          shop, uniq_vashnia
